 Dungeon Crawl Stone Soup version 0.31-a0-345-g1ebeae05c6 (webtiles) character file.

Game seed: 9216102972539713960

112 bobarctor the Cudgeller (level 4, 0/41 HPs)
             Began as a Minotaur Berserker on July 23, 2023.
             Was a Follower of Trog.
             Slain by Grinder (5 damage)
             ... while paralysed by Grinder
             ... on level 3 of the Dungeon.
             The game lasted 00:06:46 (2064 turns).

bobarctor the Cudgeller (Minotaur Berserker)        Turns: 2064, Time: 00:06:47

Health: 0/41       AC:  6    Str: 22    XL:     4   Next: 64%
Magic:  3/3        EV:  2    Int:  4    God:    Trog [*.....]
Gold:   102        SH:  0    Dex: 11    Spells: 3/3 levels left

rFire   . . .        a - +0 mace
rCold   . . .        (no shield)
rNeg    . . .        l - +0 scale mail
rPois   .            (helmet restricted)
rElec   .            (no cloak)
rCorr   .            (no gloves)
SInv    .            (no boots)
Will    .....        (no amulet) Stlth
                     (no ring)
HPRegen 0.26/turn    (no ring)
MPRegen 0.08/turn

%: no passive effects
@: paralysed
A: horns 2, retaliatory headbutt
a: Renounce Religion, Berserk


You were on level 3 of the Dungeon.
You worshipped Trog.
Trog was aware of your devotion.
You visited 1 branch of the dungeon, and saw 3 of its levels.

You collected 102 gold pieces.

Inventory:

Hand Weapons
 a - a +0 mace (weapon)
Missiles
 h - 40 stones
Armour
 b - a +0 animal skin
 j - a +0 ring mail
 l - a +0 scale mail (worn)
Scrolls
 c - a scroll of brand weapon {unknown}
 e - 2 scrolls of fog {unknown}
 f - 3 scrolls of poison {unknown}
 g - 2 scrolls of identify {unknown}
 m - a scroll of teleportation {unknown}
Potions
 d - a potion of might {unknown}
 i - 4 potions of curing {unknown}
 k - a potion of attraction {unknown}
 n - a potion of brilliance {unknown}


   Skills:
 * Level 4.7 Fighting
 + Level 5.1 Maces & Flails
 + Level 2.9 Armour
 + Level 2.8 Dodging
 + Level 0.2 Stealth


You had 3 spell levels left.
You didn't know any spells.
Your spell library was empty.

Dungeon Overview and Level Annotations

Branches:
Dungeon (3/15)

Altars:

Annotations:
D:3 Grinder


Innate Abilities, Weirdness & Mutations

You have a pair of horns on your head.
You reflexively headbutt those who attack you in melee.


Message History

There is an open door here.
Found a ring mail.
You see here a +0 ring mail.
h - 40 stones (gained 5)
You now have 102 gold pieces (gained 8).
You open the door.
Grinder comes into view.
Grinder shouts!
Grinder gestures at you. Pain shoots through your body!
You fail to use your ability.
Grinder grins, showing sharp teeth.
You barely miss Grinder. Grinder gestures at you.
You resist with significant effort.
You closely miss Grinder. Grinder hits you but does no damage.
You hit Grinder but do no damage. Your headbutt misses Grinder.
Grinder hits you!
You writhe in agony.
Grinder gestures at you. Pain shoots through your body!
You hit Grinder. You headbutt Grinder!
Grinder is moderately wounded.
Grinder gestures at you. Pain shoots through your body!
You hit Grinder but do no damage. Your headbutt misses Grinder.
Grinder is moderately wounded.
Grinder gestures at you.
You barely resist. You closely miss Grinder.
Grinder is moderately wounded.
Grinder gestures at you.
You suddenly lose the ability to move!
Grinder hits you. x2
* * * LOW HITPOINT WARNING * * *
Grinder gestures at you.
You shrug off the repeated paralysis!
Grinder hits you!
* * * LOW HITPOINT WARNING * * *
You writhe in agony.
You die...

#[##.##############...#####
##.##.# ##+###...# #.....#
#........+ #######
#...##...# #...##...#
#...##...# #...##...#
#...###### #.@.# ##5## #.#
#.# #.# #.# #.# #.#


You could see Grinder.

Vanquished Creatures
  Jessica (D:2)
  Terence (D:2)
  2 adders
  2 dart slugs
  4 ball pythons
  5 endoplasms
  3 giant cockroaches
  3 hobgoblins (D:1)
  A quokka (D:3)
  6 bats
  A frilled lizard (D:3)
  3 goblins
  2 kobolds
  4 rats
38 creatures vanquished.

Notes
Turn   | Place    | Note
-------+----------+-------------------------------------------
     0 | D:1      | bobarctor the Minotaur Berserker began the quest for the
                  | Orb.
     0 | D:1      | Reached XP level 1. HP: 19/19 MP: 0/0
   271 | D:1      | Reached XP level 2. HP: 27/27 MP: 1/1
   278 | D:1      | Reached skill level 4 in Maces & Flails
   940 | D:2      | Reached XP level 3. HP: 18/33 MP: 2/2
  1318 | D:2      | Noticed Jessica
  1339 | D:2      | Killed Jessica
  1399 | D:2      | Noticed Terence
  1405 | D:2      | Killed Terence
  1406 | D:2      | Reached XP level 4. HP: 41/41 MP: 3/3
  1817 | D:3      | Reached skill level 5 in Maces & Flails
  2053 | D:3      | Noticed Grinder
  2060 | D:3      | Paralysed by Grinder for 5 turns
  2064 | D:3      | Slain by Grinder

Illustrated notes

Levels and vault maps discovered:
D:1:      dpeg_arrival_tiny_h, layout_basic, minmay_misc_feat_plants
D:2:      layout_loops_ring, minivault_11, uniq_terence, uniq_jessica
D:3:      layout_basic, uniq_grinder

Skill      XL: |  1  2  3  4 |
---------------+-------------+-----
Maces & Flails | 4 5 |  5.1
Fighting       | 4 |  4.7
Armour         | |  2.9
Dodging        | |  2.8
Stealth        | |  0.2

Action                     |  1- 3 |  4- 6 || total
---------------------------+-------+-------++-------
  Melee: Mace              |    49 |    42 ||    91
         Headbutt          |     6 |     6 ||    12
 Invoke: Berserk           |     2 |     1 ||     3
   Stab: Sleeping          |     1 |       ||     1
 Armour: Animal skin       |     6 |       ||     6
         Ring mail         |     3 |       ||     3
         Scale mail        |       |    18 ||    18
  Dodge: Dodged            |    39 |    30 ||    69

Table legend: (Time is in decaauts)
 A = Elapsed time spent in this place.
 B = Non-inter-level travel time spent in this place.
 C = Inter-level travel time spent in this place.
 D = Time resting spent in this place.
 E = Time spent auto-exploring this place.
 F = Levels seen in this place.
 G = Mean time per level.
                   A        B        C        D        E       F      G
               +--------+--------+--------+--------+--------+-----+--------+
         Total |   2110 |   2074 |     36 |    274 |   1461 |   3 |  703.3 |
       Dungeon |   2110 |   2074 |     36 |    274 |   1461 |   3 |  703.3 |
               +--------+--------+--------+--------+--------+-----+--------+

Top non-repeatable levels by time:
     D:2: 984 daAuts
     D:1: 846 daAuts
     D:3: 279 daAuts
